 Dungeon Crawl Stone Soup version 0.17-a0-1409-ge6d9485 (webtiles) character file.

79 urechis the Poker (level 4, -4/33 HPs)
             Began as a Merfolk Skald on June 22, 2015.
             Killed from afar by Natasha (5 damage)
             ... with a magic dart
             ... on level 2 of the Dungeon.
             The game lasted 00:05:28 (2198 turns).

urechis the Poker (Merfolk Skald)                   Turns: 2198, Time: 00:05:29

Health: -4/33      AC:  5    Str: 12    XL:     4   Next: 38%
Magic:  7/7        EV: 11    Int: 11    God:
Gold:   101        SH:  0    Dex: 14    Spells: 1 memorised, 6 levels left

rFire  . . .     SeeInvis .     a - +0 spear
rCold  . . .     Clarity  .     t - +0 leather armour
rNeg   . . .     SustAt   .     (no shield)
rPois  .         Gourm    .     (no helmet)
rElec  .         Spirit   .     (no cloak)
rCorr  .         Warding  .     j - +1 pair of gloves
rMut   .         Stasis   .     (no boots)
MR     .....                    (no amulet)
Stlth  +.........               (no ring)
                                (no ring)

@: slowed, very slow, not resistant to hostile enchantments, very unstealthy
A: change form in water, swift swim
a: no special abilities


You were on level 2 of the Dungeon.
You were not hungry.

You visited 1 branch of the dungeon, and saw 3 of its levels.

You collected 101 gold pieces.

Inventory:

Hand weapons
 a - a +0 spear (weapon)
 b - a +0 hunting sling
Missiles
 v - 25 sling bullets
Armour
 j - a +1 pair of gloves (worn)
 s - a +0 buckler
 t - a +0 leather armour (worn)
Scrolls
 f - 4 scrolls of identify {unknown}
 g - a scroll of enchant armour {unknown}
 h - a scroll of immolation {unknown}
 i - a scroll of recharging {unknown}
 k - a scroll of amnesia {unknown}
 m - 2 scrolls of remove curse {unknown}
 r - a scroll of magic mapping {unknown}
Potions
 e - 2 potions of brilliance {unknown}
 l - a potion of cure mutation {unknown}
 o - 2 potions of curing {unknown}
 p - a potion of poison {unknown}
Books
 c - a book of Battle

   Spells                             Type                      Level
   a - Infusion                       Charms                       1
   b - Shroud of Golubria             Charms/Translocation         2
   c - Song of Slaying                Charms                       2
   d - Spectral Weapon                Hexes/Charms                 3
   e - Regeneration                   Charms/Necromancy            3
Comestibles
 d - a bread ration
 n - a meat ration
 q - 5 fruits


   Skills:
 - Level 2.1 Fighting
 + Level 6.5 Polearms
 - Level 0.6 Armour
 - Level 1.3 Dodging
 - Level 2.0 Spellcasting
 - Level 3.2 Charms


You had 6 spell levels left.
You knew the following spells:

 Your Spells              Type           Power        Failure   Level  Hunger
a - Infusion              Chrm           #.....       12%         1    ##.....


Dungeon Overview and Level Annotations

Branches:
Dungeon (3/15)

Altars:

Annotations:
D:2 Natasha


Message History

You hit Natasha but do no damage.
Natasha is moderately wounded.
The shadow imp hits you.
* * * LOW HITPOINT WARNING * * *
Natasha claws you.
* * * LOW HITPOINT WARNING * * *
You are too injured to fight recklessly!
You are too injured to fight recklessly!
You are too injured to fight recklessly!
The shadow imp hits you.
* * * LOW HITPOINT WARNING * * *
Natasha casts a spell at you.
You feel yourself slow down.
You climb upwards.
There is a stone staircase leading down here.
You closely miss Natasha.
Natasha is moderately wounded.
Natasha stares at you and mumbles some strange words.
The magic dart hits you!
You die...

###..#
#.#####.##.######.###. #..#
#.###.#.#.#........... #..#
#<##.....###.####..### #..#
#.#...((## ##.##...... #..#
#.##.....###.......#.. #..#
#.###.#.#.#.####..#_#. ##..#
#.# #.#.##...# ##..#.. #...#
#.###.#.####.## #..... #.#.#
#....@h...#...###...## #.#.#
#####.#.#......##...# #.#.#
#.#...........### ##.#.##
#.###......#### ...#..###
#.###.#...######## ........#
#...#.##.##.......
..###.#.######
###.#.##.##.######
..###.#......#####.#.##.##.#
.....................##.##.#


You could see Natasha.

Vanquished Creatures
  Robin (D:2)
  An adder (D:2)
  A giant gecko (D:1)
  A ball python (D:1)
  6 bats
  18 goblins
  8 hobgoblins
  6 jackals (D:2)
  3 kobolds (D:1)
  4 giant newts
  7 rats (D:1)
56 creatures vanquished.

Notes
Turn   | Place    | Note
--------------------------------------------------------------
     0 | D:1      | urechis the Merfolk Skald began the quest for the Orb.
     0 | D:1      | Reached XP level 1. HP: 16/16 MP: 3/3
   208 | D:1      | Reached skill level 4 in Polearms
   208 | D:1      | Reached XP level 2. HP: 11/22 MP: 5/5
   789 | D:1      | Reached XP level 3. HP: 27/27 MP: 6/6
   806 | D:1      | Reached skill level 5 in Polearms
  1191 | D:2      | Found a faded altar to an unknown god.
  1594 | D:2      | Reached skill level 6 in Polearms
  1720 | D:2      | Reached XP level 4. HP: 31/33 MP: 7/7
  1740 | D:2      | Noticed Robin
  1839 | D:2      | Killed Robin
  2187 | D:3      | Noticed Natasha
  2196 | D:3      | HP: 1/33 [shadow imp[Natasha] (1)]
  2198 | D:2      | Killed from afar by Natasha

Vault maps used:
D:1:      dpeg_arrival_three_bigger_balls
D:2:      kennysheep_goblin_castle, ecumenical_altar_1
D:3:      lemuel_crystal_altar, grunt_qazlal_clouds, uniq_terence,
          uniq_crazy_yiuf_cottage, uniq_natasha

Action                   |  1- 3 |  4- 6 || total
-------------------------+-------+-------++-------
Melee: Spear             |   171 |    77 ||   248
 Stab: Sleeping          |     1 |       ||     1
  Eat: Chunk             |     3 |     1 ||     4
